 Dungeon Crawl Stone Soup version 0.30-a0-672-gc3a7216ad8 (webtiles) character file.

Game seed: 5613572109359943756

2086 bande the Chopper (level 9, 0/55 HPs)
             Began as a Gargoyle Fighter on Jan 19, 2023.
             Was a Believer of Okawaru.
             Slain by a gnoll sergeant
             ... wielding a +2 trident of venom
              (4 damage)
             ... on level 7 of the Dungeon.
             The game lasted 00:10:05 (5726 turns).

bande the Chopper (Gargoyle Fighter)                Turns: 5726, Time: 00:10:06

Health: 0/55       AC: 18    Str: 20    XL:     9   Next: 27%
Magic:  12/12      EV:  7    Int:  9    God:    Okawaru [**....]
Gold:   723        SH: 10    Dex: 13    Spells: 8/8 levels left

rFire   . . .      SeeInvis .    a - +0 war axe
rCold   . . .      Faith    .    c - +0 buckler
rNeg    + . .      Spirit   .    e - +0 chain mail
rPois   ∞          Reflect  +    (no helmet)
rElec   +          Harm     .    B - +1 cloak
rCorr   .          Rampage  .    (no gloves)
Will    .....                    (no boots) Stlth
                                 m - amulet of reflection
HPRegen 0.29/turn                k - ring of flight
MPRegen 0.13/turn                (no ring)

@: flying
A: sickness immunity, AC +6, negative energy resistance 1, electricity
resistance, torment resistance 1, petrification resistance
a: Renounce Religion, Heroism


You were on level 7 of the Dungeon.
You worshipped Okawaru.
Okawaru was pleased with you.
You visited 1 branch of the dungeon, and saw 7 of its levels.

You collected 723 gold pieces.

Inventory:

Hand Weapons
 a - a +0 war axe (weapon)
 f - a +5 morningstar of freezing
 p - a +0 war axe
Armour
 c - a +0 buckler (worn)
 e - a +0 chain mail (worn)
 B - a +1 cloak (worn)
Jewellery
 k - a ring of flight (left hand)
 m - an amulet of reflection (around neck)
 u - an amulet of magic regeneration
Wands
 h - a wand of digging (8)
Scrolls
 g - a scroll of magic mapping {unknown}
 n - 3 scrolls of teleportation
Potions
 b - a potion of invisibility {unknown}
 d - a potion of might
 i - a potion of degeneration {unknown}
 j - 2 potions of brilliance
 l - a potion of heal wounds {unknown}
 o - 3 potions of flight {unknown}
 q - 5 potions of haste
 t - a potion of curing {unknown}
 v - a potion of resistance {unknown}
 z - 3 potions of cancellation {unknown}
 A - a potion of lignification {unknown}


   Skills:
 + Level 6.0 Fighting
 + Level 7.6 Axes
 + Level 6.2 Armour
 + Level 4.7 Shields
 * Level 4.9 Invocations


You had 8 spell levels left.
You didn't know any spells.
Your spell library contained the following spells:

 Spells                   Type           Power      Damage    Failure   Level
 Ensorcelled Hibernation  Hex/Ice        0%         N/A       100%        2
 Lesser Beckoning         Tloc           0%         N/A       100%        2
 Passwall                 Tmut/Erth      0%         N/A       100%        2
 Gell's Gravitas          Tloc           0%         N/A       100%        3
 Ignite Poison            Fire/Tmut/Pois 0%         N/A       100%        3
 Inner Flame              Hex/Fire       0%         N/A       100%        3
 Swiftness                Air            0%         N/A       100%        3
 Teleport Other           Tloc           0%         N/A       100%        3
 Airstrike                Air            0%         2d(0-16)  100%        4
 Cause Fear               Hex            0%         N/A       100%        4
 Sticky Flame             Conj/Fire      0%         2d3       100%        4
 Lightning Bolt           Conj/Air       0%         1d11      100%        5
 Discord                  Hex            0%         N/A       100%        8
 Ignition                 Fire           0%         3d3       100%        8
 Summon Lightning Spire   Summ/Air       Unusable   N/A       N/A         4

Dungeon Overview and Level Annotations

Branches:
Dungeon (7/15)             Temple (0/1) D:7

Altars:
Elyvilon
Fedhas
Kikubaaqudgha
Okawaru
Yredelemnul

Shops:
D:1 (


Innate Abilities, Weirdness & Mutations

You are immune to sickness and miasma.
Your stone body is resilient. (AC +6)
You are immune to poison.
You resist negative energy. (rN+)
You are resistant to electric shocks. (rElec)
You are resistant to unholy torment.
You are immune to petrification.


Message History

You are too injured to fight recklessly!
You are too injured to fight recklessly!
You are too injured to fight recklessly!
You are too injured to fight recklessly!
You are too injured to fight recklessly!
You are too injured to fight recklessly!
You are too injured to fight recklessly!
You block the gnoll sergeant's attack. The gnoll sergeant blocks your attack.
The gnoll sergeant hits you but does no damage.
You barely miss the gnoll sergeant.
The gnoll sergeant hits you with a +2 trident of venom!
* * * LOW HITPOINT WARNING * * *
The gnoll sergeant blocks your attack.
The gnoll sergeant hits you but does no damage. x2
You hit the gnoll sergeant.
The gnoll sergeant is lightly wounded.
The gnoll sergeant hits you with a +2 trident of venom.
* * * LOW HITPOINT WARNING * * *
The gnoll sergeant blocks your attack.
The gnoll sergeant is lightly wounded.
You block the gnoll sergeant's attack.
You slash the gnoll sergeant!
The gnoll sergeant is heavily wounded.
You block the gnoll sergeant's attack.
You hit the gnoll sergeant but do no damage.
The gnoll sergeant is heavily wounded.
You block the gnoll sergeant's attack.
You barely miss the gnoll sergeant.
The gnoll sergeant is heavily wounded.
The gnoll sergeant hits you but does no damage.
You hit the gnoll sergeant.
The gnoll sergeant is heavily wounded.
The gnoll sergeant hits you but does no damage.
The gnoll sergeant hits you with a +2 trident of venom!
* * * LOW HITPOINT WARNING * * *
You hit the gnoll sergeant but do no damage.
The gnoll sergeant is heavily wounded.
The gnoll sergeant hits you with a +2 trident of venom.
You die...

# # .## #...## .#
#.#..### ... #.#....#
### ....#.....# ##.#####
......g@.# ##......#
#......)#####.......##
#####..)..#.....#....###
#............##.#...#
......#..###...##......
.......#.##....##.......
......##..#...#.........
...... #.....##....####P
............###...####..


You could see a gnoll sergeant.

Vanquished Creatures
  4 water moccasins
  3 ice beasts
  2 sky beasts
  2 black bears
  An ogre (D:6)
  A centaur (D:5)
  A kobold brigand (D:6)
  2 scorpions
  4 wights (D:6)
  A jelly (D:5)
  3 hounds
  An orc priest (D:4)
  An iguana (D:6)
  Terence (D:2)
  10 adders
  4 gnolls (D:7)
  A shadow imp (D:7)
  2 ufetubi
  3 adder skeletons (D:2)
  2 adder zombies (D:2)
  2 worms
  A dart slug (D:4)
  9 orcs
  3 bats
  A bat zombie (D:2)
  10 endoplasms
  4 giant cockroaches
  8 goblins
  5 hobgoblins
  3 jackals (D:2)
  4 quokkas
  4 ball pythons
  2 ball python skeletons (D:2)
  A ball python zombie (D:2)
  3 frilled lizards
  A giant cockroach zombie (D:2)
  4 kobolds
  4 rats
118 creatures vanquished.

Vanquished Creatures (others)
  3 plants (D:4)
  3 withered plants (D:2)
6 creatures vanquished.

Grand Total: 124 creatures vanquished

Notes
Turn   | Place    | Note
-------+----------+-------------------------------------------
     0 | D:1      | bande the Gargoyle Fighter began the quest for the Orb.
     0 | D:1      | Reached XP level 1. HP: 14/14 MP: 1/1
   565 | D:1      | Reached XP level 2. HP: 14/19 MP: 2/2
   566 | D:1      | Reached skill level 2 in Axes
   587 | D:1      | Found Byfry's Weapon Emporium.
   947 | D:2      | Reached XP level 3. HP: 22/23 MP: 3/3
  1112 | D:2      | Noticed Terence
  1119 | D:2      | Killed Terence
  1120 | D:2      | Reached skill level 3 in Axes
  1120 | D:2      | Reached XP level 4. HP: 26/29 MP: 4/4
  1672 | D:3      | Found a blossoming altar of Fedhas.
  1849 | D:3      | Reached XP level 5. HP: 33/33 MP: 5/5
  1885 | D:3      | Identified the +10 short sword of Reason {freeze, rElec
                  | Stlth+}
  2186 | D:4      | Found an iron altar of Okawaru.
  2200 | D:4      | Became a worshipper of Warmaster Okawaru
  2400 | D:4      | Reached skill level 4 in Axes
  2690 | D:4      | Found a white marble altar of Elyvilon.
  2793 | D:4      | Reached skill level 1 in Invocations
  2793 | D:4      | Reached XP level 6. HP: 38/38 MP: 6/6
  2900 | D:4      | Found an ancient bone altar of Kikubaaqudgha.
  2950 | D:5      | Entered Level 5 of the Dungeon
  3006 | D:5      | Noticed a black bear
  3017 | D:5      | Killed a black bear
  3017 | D:5      | Reached * piety under Okawaru
  3018 | D:5      | Reached skill level 5 in Axes
  3139 | D:5      | Reached XP level 7. HP: 39/43 MP: 8/8
  3628 | D:5      | Found a basalt altar of Yredelemnul.
  3639 | D:5      | Reached skill level 5 in Armour
  3641 | D:5      | Identified a scroll of acquirement
  3641 | D:5      | Acquired 486 gold pieces
  4013 | D:5      | Reached ** piety under Okawaru
  4014 | D:5      | Reached skill level 6 in Axes
  4014 | D:5      | Reached XP level 8. HP: 43/48 MP: 10/10
  4141 | D:6      | Reached skill level 5 in Fighting
  4961 | D:6      | Reached skill level 7 in Axes
  5031 | D:6      | Reached XP level 9. HP: 54/54 MP: 12/12
  5659 | D:7      | Found a staircase to the Ecumenical Temple.
  5726 | D:7      | Slain by a gnoll sergeant

Illustrated notes

Levels and vault maps discovered:
D:1:      dpeg_arrival_lava_temple_mockup, layout_loops_ring, serial_shops,
          nicolae_shop_window_shopping, minivault_24
D:2:      layout_basic, serial_undead, serial_undead_b, serial_undead_a,
          serial_undead_f, serial_undead_e, serial_undead_b, serial_undead_b,
          serial_undead_a, serial_undead_e, chequers_serial_rivers_micro_a,
          minmay_misc_feat_tiny, uniq_terence
D:3:      layout_basic, mainiacjoe_overflow_tiny_flanked
D:4:      cheibrodos_old_hovel, layout_cave_pools,
          mainiacjoe_overflow_small_starburst, lemuel_crystal_altar,
          lemuel_tele_altar
D:5:      layout_basic, mainiacjoe_overflow_cross_hatched
D:6:      layout_loops_corners
D:7:      kennysheep_slugbush, layout_cave_pools,
          gammafunk_temple_overflow_statue, minmay_temple_entry_gardened_gates,
          gammafunk_ghost_gnarly_gnolls, uniq_duvessa

Skill      XL: |  1  2  3  4  5  6  7  8  9 |
---------------+----------------------------+-----
Axes           | 2 3 4 5 6 7 |  7.6
Armour         | 4 5 6 |  6.2
Fighting       | 4 5 6 |  6.0
Invocations    | 1 3 4 |  4.9
Shields        | 4 |  4.7

Action                   |  1- 3 |  4- 6 |  7- 9 || total
-------------------------+-------+-------+-------++-------
Melee: War axe           |    89 |   183 |   211 ||   483
  Use: Scroll            |       |       |    11 ||    11
Armor: Chain mail        |    65 |   151 |   174 ||   390
Dodge: Dodged            |    38 |    62 |    74 ||   174
Block: Buckler           |    21 |    46 |    57 ||   124

Table legend: (Time is in decaauts)
 A = Elapsed time spent in this place.
 B = Non-inter-level travel time spent in this place.
 C = Inter-level travel time spent in this place.
 D = Time resting spent in this place.
 E = Time spent auto-exploring this place.
 F = Levels seen in this place.
 G = Mean time per level.
                   A        B        C        D        E       F      G
               +--------+--------+--------+--------+--------+-----+--------+
         Total |   5873 |   5863 |     10 |   1117 |   3543 |   7 |  839.0 |
       Dungeon |   5873 |   5863 |     10 |   1117 |   3543 |   7 |  839.0 |
               +--------+--------+--------+--------+--------+-----+--------+

Top non-repeatable levels by time:
     D:6: 1414 daAuts
     D:5: 1177 daAuts
     D:1: 916 daAuts
     D:4: 788 daAuts
     D:2: 765 daAuts
     D:3: 576 daAuts
     D:7: 235 daAuts
